 Seeded DCSS version 0.30-a0-743-gbfdf073431 (webtiles) character file.

Game seed: 5430720872467839093 (custom seed)

7260 purpskrrrp the Covert (level 10, -5/56 HPs)
             Began as a Spriggan Brigand on Feb 7, 2023.
             Was a Priest of Wu Jian.
             Killed from afar by an electric eel (11 damage)
             ... with a bolt of electricity
             ... on level 9 of the Dungeon.
             The game lasted 00:14:37 (8028 turns).

purpskrrrp the Covert (Spriggan Brigand)            Turns: 8028, Time: 00:14:38

Health: -5/56      AC:  6    Str:  7    XL:     10   Next: 88%
Magic:  21/21      EV: 29    Int: 14    God:    Wu Jian [***...]
Gold:   620        SH:  0    Dex: 29    Spells: 6/10 levels left

rFire   . . .      SeeInvis +    C - +2 quick blade (venom)
rCold   . . .      Faith    .    (no shield)
rNeg    . . .      Spirit   .    I - +2 robe of Binutifa {rPois Dex+5}
rPois   +          Reflect  .    (helmet restricted)
rElec   .          Harm     .    B - +1 cloak of Kuzotod {+Inv Dex+4 Slay+5}
rCorr   +          Rampage  .    (gloves unavailable)
Will    +....                    (boots unavailable)
Stlth   ++++++                   (no amulet)
HPRegen 0.29/turn                R - +4 ring of slaying
MPRegen 0.17/turn                p - ring of Ascent {rCorr MP+9 Slay+3}

@: studying Fighting, very quick
A: very small, no large weapons, unfitting armour, see invisible, speed 3,
subdued magic 1
a: Renounce Religion, Evoke Invisibility, Wall Jump, Serpent's Lash


You were on level 9 of the Dungeon.
You worshipped Wu Jian.
Wu Jian was most pleased with you.
You visited 2 branches of the dungeon, and saw 10 of its levels.

You collected 620 gold pieces.

Inventory:

Hand Weapons
 a - a +2 dagger of freezing
 C - a +2 quick blade of venom (weapon)
Missiles
 d - 13 poisoned darts
 e - a throwing net
 v - 2 curare-tipped darts
Armour
 b - a +0 robe
 c - a +0 cloak
 B - the +1 cloak of Kuzotod (worn) {+Inv Dex+4 Slay+5}
   (You acquired it on level 3 of the Dungeon)

   Dex:       It affects your dexterity (+4).
   Slay:      It affects your accuracy & damage with ranged weapons and melee
   (+5).
   +Inv:      It lets you turn invisible.
 I - the +2 robe of Binutifa (worn) {rPois Dex+5}
   (You took it off a gnoll on level 3 of the Dungeon)

   Dex:       It affects your dexterity (+5).
   rPois:     It protects you from poison.
Jewellery
 f - a +6 ring of intelligence
 n - a +6 ring of strength
 p - the ring of Ascent (right hand) {rCorr MP+9 Slay+3}
   (You acquired it on level 3 of the Dungeon)

   [ring of magical power]

   Slay:      It affects your accuracy & damage with ranged weapons and melee
   (+3).
   MP:        It affects your magic capacity (+9).
   rCorr:     It protects you from acid and corrosion.
 q - a ring of protection from cold
 G - a ring of positive energy
 Q - a ring of protection from fire
 R - a +4 ring of slaying (left hand)
 Y - an amulet of the acrobat
Wands
 o - a wand of flame (12)
 y - a wand of mindburst (22)
 D - a wand of roots (4)
 M - a wand of quicksilver (2)
 U - a wand of polymorph (16)
 V - a wand of paralysis (4)
Scrolls
 g - 4 scrolls of teleportation {unknown}
 i - 3 scrolls of amnesia {unknown}
 k - 5 scrolls of noise {unknown}
 l - 2 scrolls of torment {unknown}
 m - 2 scrolls of fear {unknown}
 r - 2 scrolls of immolation {unknown}
 s - 4 scrolls of enchant armour {unknown}
 t - a scroll of poison {unknown}
 w - a scroll of silence {unknown}
 E - 2 scrolls of blinking {unknown}
 F - a scroll of butterflies {unknown}
 H - 2 scrolls of magic mapping {unknown}
 P - 2 scrolls of enchant weapon {unknown}
 W - a scroll of identify
Potions
 h - 3 potions of attraction
 j - 8 potions of curing
 u - 3 potions of degeneration {unknown}
 x - 4 potions of berserk rage {unknown}
 z - a potion of ambrosia {unknown}
 A - 2 potions of lignification
 J - a potion of magic {unknown}
 K - 2 potions of resistance
 L - a potion of brilliance
 N - a potion of might {unknown}
 O - a potion of invisibility {unknown}
 S - a potion of flight {unknown}
 T - 2 potions of heal wounds {unknown}
 X - a potion of haste {unknown}


   Skills:
 + Level 8.0 Fighting
 * Level 11.1 Short Blades
 - Level 2.0 Throwing
 + Level 9.4 Dodging
 + Level 12.2 Stealth
 + Level 0.9 Spellcasting
 * Level 8.2 Translocations


You had 6 spell levels left.
You knew the following spells:

 Your Spells              Type           Power      Damage    Failure   Level
a - Manifold Assault      Tloc           18%        N/A       7%          4

Your spell library contained the following spells:

 Spells                   Type           Power      Damage    Failure   Level
 Blink                    Tloc           36%        N/A       1%          2
 Vhi's Electric Charge    Tloc/Air       18%        N/A       13%         3
 Slow                     Hex            0%         N/A       22%         1
 Sting                    Tmut/Pois      0%         1d3       22%         1
 Cigotuvi's Dreadful Rot  Necr/Pois/Air  0%         N/A       34%         2
 Poisonous Vapours        Pois/Air       0%         N/A       34%         2
 Static Discharge         Conj/Air       0%         2-2/arc   34%         2
 Confusing Touch          Hex            0%         N/A       58%         3
 Inner Flame              Hex/Fire       0%         N/A       58%         3
 Vampiric Draining        Necr           0%         2d6       58%         3
 Dispel Undead            Necr           0%         3d6       94%         4
 Flame Wave               Conj/Fire      0%         2d4       94%         4
 Olgreb's Toxic Radiance  Pois           0%         N/A       94%         4
 Sticky Flame             Conj/Fire      0%         2d3       94%         4
 Arcjolt                  Conj/Air       0%         1d10      100%        5
 Lightning Bolt           Conj/Air       0%         1d11      100%        5
 Death Channel            Necr           0%         N/A       100%        6
 Storm Form               Tmut/Air       0%         N/A       100%        7


Dungeon Overview and Level Annotations

Branches:
Dungeon (9/15)             Temple (1/1) D:4
   Lair: D:8-11         Orc: D:9-12

Altars:
Ashenzari
Cheibriados
Dithmenos
Elyvilon
Fedhas
Gozag
Hepliaklqana
Kikubaaqudgha
Makhleb
Nemelex Xobeh
Okawaru
Ru
Sif Muna
Trog
Uskayaw
Vehumet
Wu Jian
Xom
Yredelemnul
Zin
The Shining One

Shops:
D:2 ?


Innate Abilities, Weirdness & Mutations

You are very small and have problems with some larger weapons.
You are too small for most types of armour.
You have supernaturally acute eyesight. (SInv)
You cover ground extremely quickly. (Speed+++)
Your spells are a little easier to cast, but a little less powerful.


Message History

No target in view!
An orc is nearby!
You impale the orc!!
You kill the orc!
The Council accepts your kill.
Magic restored.
The electric eel shoots out a bolt of lightning at you!
The bolt of electricity hits you!
Things that are here:
a +0 trident; a +0 plate armour An electric eel is nearby!
An electric eel comes into view.
The electric eel shoots out a bolt of lightning at you!
The bolt of electricity hits you.
The electric eel shoots out a bolt of lightning at you!
The bolt of electricity hits you!
You are too injured to fight recklessly!
You are too injured to fight recklessly!
You are too injured to fight recklessly!
You are too injured to fight recklessly!
You are too injured to fight recklessly!
You are too injured to fight recklessly!
You are too injured to fight recklessly!
You are too injured to fight recklessly!
You are too injured to fight recklessly!
You are too injured to fight recklessly!
You are too injured to fight recklessly!
You are too injured to fight recklessly!
You are too injured to fight recklessly!
You are too injured to fight recklessly!
You are too injured to fight recklessly!
The electric eel shoots out a bolt of lightning at you!
The bolt of electricity hits you!
Items here: )) [[.
The electric eel shoots out a bolt of lightning at you!
The bolt of electricity hits you!
* * * LOW HITPOINT WARNING * * *
The electric eel shoots out a bolt of lightning at you!
The bolt of electricity hits you!
You die...

######### #.......#
#.......# #
#.......# .##
##♣...♣..# ....
..##........##...[.
.......@)..........
..##..).))).).##..
##$.♣..))...=...
##...##)...####
.~≈≈~≈~~~~...~≈≈≈
.≈≈≈≈≈≈S~~>..≈≈≈≈≈
.~≈≈≈≈≈≈≈~.≈~≈≈≈≈≈
≈~≈≈≈≈≈≈S~.~≈≈≈≈≈≈
≈≈≈≈≈≈≈≈≈~.~≈≈≈≈≈≈


You could see 2 electric eels.

Vanquished Creatures
  2 two-headed ogres
  Joseph (D:8)
  Psyche (D:8)
  A hornet (D:8)
  A wyvern (D:8)
  11 yaks (D:8)
  An acid dragon (D:6)
  3 water moccasins
  Duvessa (D:5)
  2 orc warriors (D:9)
  2 ice beasts
  A sky beast (D:7)
  A centaur (D:7)
  An ogre (D:7)
  Blork the orc (D:4)
  4 bullfrogs
  3 gnoll sergeants
  3 scorpions
  4 necrophages
  Dowan (D:5)
  5 wights
  The ghost of MachoJfn the Grave Robber, a weakling DsNe (D:4)
  A crimson imp (D:7)
  A gnoll bouda (D:6)
  5 orc priests
  4 hounds
  A jelly (D:6)
  3 iguanas
  10 orc wizards
  21 gnolls
  12 adders
  6 white imps
  An ufetubus (D:5)
  3 worms (D:4)
  A dart slug (D:4)
  27 orcs
  3 bats
  8 endoplasms
  3 giant cockroaches
  7 hobgoblins
  7 jackals
  6 kobolds
  5 quokkas
  8 ball pythons
  2 frilled lizards
  4 goblins
  3 rats
203 creatures vanquished.

Vanquished Creatures (others)
  A wizard (D:8)
1 creature vanquished.

Grand Total: 204 creatures vanquished

Notes
Turn   | Place    | Note
-------+----------+-------------------------------------------
     0 | D:1      | purpskrrrp the Spriggan Brigand began the quest for the
                  | Orb.
     0 | D:1      | Reached XP level 1. HP: 10/10 MP: 2/2
    83 | D:1      | Reached skill level 6 in Stealth
   155 | D:1      | Reached XP level 2. HP: 15/15 MP: 3/3
  1118 | D:2      | Noticed a necrophage
  1130 | D:2      | Killed a necrophage
  1131 | D:2      | Reached XP level 3. HP: 12/18 MP: 4/4
  1131 | D:2      | Reached XP level 4. HP: 15/23 MP: 5/5
  1298 | D:2      | HP: 1/23 [gnoll/+0 flail (13)]
  1635 | D:2      | Found Doddoiw's Magic Scroll Shoppe.
  1717 | D:3      | Found a faded altar of an unknown god.
  1838 | D:3      | Reached XP level 5. HP: 27/27 MP: 6/6
  2530 | D:3      | Reached skill level 7 in Stealth
  2587 | D:3      | Identified the +2 robe of Binutifa {rPois Dex+5}
  2719 | D:3      | Found an iron altar of Okawaru.
  2845 | D:3      | Identified the +3 short sword of the Manifold Quests
                  | {flame, rElec Int+5}
  2988 | D:3      | Identified 4 scrolls of acquirement
  2988 | D:3      | Acquired the +1 cloak of Kuzotod {+Inv Dex+4 Slay+5}
  2999 | D:3      | Acquired a +2 quick blade of venom
  3001 | D:3      | Acquired 274 gold pieces
  3003 | D:3      | Acquired the ring of Ascent {rCorr MP+9 Slay+3}
  3145 | D:4      | Reached XP level 6. HP: 32/32 MP: 7/7
  3412 | D:4      | Reached skill level 5 in Short Blades
  3457 | D:4      | Found a staircase to the Ecumenical Temple.
  3464 | D:4      | Found a runed translucent door.
  3472 | D:4      | Noticed MachoJfn's ghost (weakling DsNe)
  3710 | D:4      | Noticed Blork the orc
  3720 | D:4      | Killed Blork the orc
  3721 | D:4      | Reached XP level 7. HP: 33/36 MP: 8/8
  3942 | D:4      | Reached skill level 8 in Stealth
  3954 | D:4      | Killed MachoJfn's ghost
  3978 | Temple   | Entered the Ecumenical Temple
  4219 | Temple   | Became a worshipper of the Wu Jian Council
  4280 | D:5      | Entered Level 5 of the Dungeon
  4336 | D:5      | Reached skill level 5 in Dodging
  4343 | D:5      | Noticed a two-headed ogre
  4384 | D:5      | Killed a two-headed ogre
  4385 | D:5      | Reached skill level 5 in Fighting
  4385 | D:5      | Reached skill level 9 in Stealth
  4385 | D:5      | Reached XP level 8. HP: 24/43 MP: 9/9
  5136 | D:5      | Noticed Dowan
  5137 | D:5      | Noticed Duvessa
  5149 | D:5      | Killed Dowan
  5169 | D:5      | Killed Duvessa
  5331 | D:5      | Gained mutation: Your spells are a little easier to cast,
                  | but a little less powerful. [potion of mutation]
  5440 | D:6      | Reached skill level 10 in Stealth
  5448 | D:6      | Found an opulent altar of Gozag.
  5463 | D:6      | Found a broken altar of Ashenzari.
  5512 | D:6      | Reached * piety under Wu Jian
  5528 | D:6      | Found a white marble altar of Elyvilon.
  5528 | D:6      | Found an ancient bone altar of Kikubaaqudgha.
  5532 | D:6      | Found a blossoming altar of Fedhas.
  5532 | D:6      | Found a burning altar of Makhleb.
  5582 | D:6      | Reached XP level 9. HP: 48/48 MP: 10/10
  5677 | D:6      | Noticed a two-headed ogre
  5686 | D:6      | Killed a two-headed ogre
  5801 | D:6      | Learned a level 4 spell: Manifold Assault
  5973 | D:6      | Reached skill level 1 in Translocations
  6157 | D:6      | Reached skill level 11 in Stealth
  6554 | D:7      | Reached ** piety under Wu Jian
  6700 | D:7      | Reached XP level 10. HP: 55/55 MP: 11/11
  6908 | D:7      | Reached skill level 10 in Short Blades
  7105 | D:8      | Noticed Joseph
  7109 | D:8      | Reached skill level 5 in Translocations
  7113 | D:8      | Killed Joseph
  7208 | D:8      | Noticed Psyche
  7251 | D:8      | Killed Psyche
  7394 | D:8      | Found a bloodstained altar of Trog.
  7794 | D:8      | Reached skill level 12 in Stealth
  7889 | D:8      | Noticed a wizard
  7897 | D:8      | Killed a wizard
  7994 | D:9      | Reached *** piety under Wu Jian
  8028 | D:9      | Killed from afar by an electric eel

Illustrated notes

Levels and vault maps discovered:
D:1:      dpeg_arrival_boxes_within_box, layout_basic
D:2:      layout_loops_ring, serial_shops, shop, nicolae_kite_square_tiling_tiny
D:3:      layout_rooms, okawaru_metal_pillars_3, ebering_ecumenical_altar_rust
D:4:      layout_basic, minmay_temple_entry_overgrown, ebering_ghost_sewer_d,
          minmay_manual_monstrance, uniq_blork_the_orc
D:5:      layout_basic, uniq_duvessa
D:6:      layout_gridville, mainiacjoe_overflow_tiny_flanked,
          grunt_temple_overflow_open, cheibrodos_ashenzari_chains, minivault_5,
          minmay_pentangle
D:7:      layout_cave_pools, minmay_fire_ice_demons
D:8:      layout_basic, trog_wizard, chequers_serial_rivers_marsh, uniq_psyche,
          uniq_joseph
D:9:      minmay_ornate_pinched, layout_basic, general_overflow_altar,
          roderic_serpentine_path, nicolae_shop_fire_sale
          [nicolae_sub_dead_trees], minmay_crystal_water, grunt_ministairs_1
Temple:   oiseaux_autumnal_temple

Skill      XL: |  1  2  3  4  5  6  7  8  9 10 |
---------------+-------------------------------+-----
Stealth        | 6 7 9 10 11 12 | 12.2
Dodging        | 2 3 4 6 7 8 9 |  9.4
Fighting       | 2 3 5 7 8 |  8.0
Short Blades   | 3 4 5 7 8 9 11 | 11.1
Translocations | 4 8 |  8.2
Throwing       | |  2.0
Spellcasting   | |  0.9

Action                     |  1- 3 |  4- 6 |  7- 9 | 10-12 || total
---------------------------+-------+-------+-------+-------++-------
  Melee: Dagger            |    66 |   117 |       |       ||   183
         Punch             |     1 |     4 |     4 |     1 ||    10
         Quick blade       |       |    48 |   241 |   136 ||   425
  Throw: Dart              |       |    23 |     1 |     3 ||    27
         Throwing net      |       |     1 |       |       ||     1
Ability: Lunge             |       |       |    17 |    17 ||    34
  Evoke: Wand              |       |       |       |     1 ||     1
    Use: Scroll            |       |     5 |     5 |     1 ||    11
         Potion            |       |       |     1 |       ||     1
   Stab: Sleeping          |     8 |    22 |    16 |    12 ||    58
         Held in net/web   |       |     1 |       |       ||     1
         Distracted        |       |       |     2 |       ||     2
 Armour: Robe              |     5 |     9 |     4 |     3 ||    21
  Dodge: Dodged            |    47 |    98 |    72 |    33 ||   250

Table legend: (Time is in decaauts)
 A = Elapsed time spent in this place.
 B = Non-inter-level travel time spent in this place.
 C = Inter-level travel time spent in this place.
 D = Time resting spent in this place.
 E = Time spent auto-exploring this place.
 F = Levels seen in this place.
 G = Mean time per level.
                   A        B        C        D        E       F      G
               +--------+--------+--------+--------+--------+-----+--------+
         Total |   5457 |   5167 |    290 |    705 |   3483 |  10 |  545.7 |
       Dungeon |   5285 |   5015 |    270 |    705 |   3340 |   9 |  587.2 |
        Temple |    172 |    152 |     20 |      0 |    142 |   1 |  172.0 |
               +--------+--------+--------+--------+--------+-----+--------+

Top non-repeatable levels by time:
     D:2: 1073 daAuts
     D:6: 751 daAuts
     D:5: 685 daAuts
     D:3: 619 daAuts
     D:4: 609 daAuts
     D:1: 608 daAuts
     D:8: 599 daAuts
     D:7: 320 daAuts
  Temple: 172 daAuts
     D:9: 17 daAuts
